 Dungeon Crawl Stone Soup version 0.24-a0-264-gf46a388 (webtiles) character file.

Game seed: 6594493146727609494

1453 xccam the Covered (level 8, 0/64 HPs)
             Began as a Gnoll Wanderer on Apr 20, 2019.
             Was an Initiate of Cheibriados.
             Killed by nerve-wracking pain
             ... invoked by a shadow imp
             ... summoned by Xom
              (6 damage)
             ... on level 6 of the Dungeon.
             The game lasted 00:09:07 (4219 turns).

xccam the Covered (Gnoll Wanderer)                  Turns: 4219, Time: 00:09:08

Health: 0/64       AC: 11    Str: 20      XL:     8   Next: 76%
Magic:  13/13      EV: 13    Int: 13      God:    Cheibriados [......]
Gold:   383        SH:  0    Dex: 15 (16) Spells: 13/13 levels left

rFire    . . .     SeeInvis .   p - +0 war axe
rCold    . . .     Gourm    .   (no shield)
rNeg     . . .     Faith    .   m - +2 ring mail {MR+}
rPois    .         Spirit   .   A - +1 helmet
rElec    .         Reflect  .   a - +0 cloak
rCorr    .         Harm     .   (no gloves)
MR       +....                  (no boots)
Stlth    ++........             (no amulet)
HPRegen  0.20/turn              (no ring)
MPRegen  0.13/turn              (no ring)

@: very slow
A: distributed training, fangs 1, strong nose
a: Bend Time, Renounce Religion


You were on level 6 of the Dungeon.
You worshipped Cheibriados.
Cheibriados was noncommittal.
You were not hungry.

You visited 2 branches of the dungeon, and saw 7 of its levels.
You also visited: Sewer.

You collected 383 gold pieces.

Inventory:

Hand Weapons
 p - a +0 war axe (weapon)
Missiles
 y - 8 javelins (quivered)
Armour
 a - a +0 cloak (worn)
 m - a +2 ring mail of magic resistance (worn)
 A - a +1 helmet (worn)
Wands
 d - a wand of iceblast (6)
Scrolls
 b - 2 scrolls of immolation
 f - 4 scrolls of teleportation
 h - 2 scrolls of random uselessness
 j - 2 scrolls of magic mapping
 k - 4 scrolls of identify {unknown}
 n - a scroll of enchant armour {unknown}
 o - 3 scrolls of remove curse {unknown}
 s - a scroll of amnesia {unknown}
 u - 2 scrolls of fear {unknown}
 v - a scroll of blinking {unknown}
 w - 4 scrolls of fog {unknown}
Potions
 e - 2 potions of lignification
 i - a potion of resistance {unknown}
 l - a potion of heal wounds
 q - a potion of flight {unknown}
 r - a potion of curing
 t - a potion of berserk rage {unknown}
 x - a potion of degeneration {unknown}
 z - a potion of haste {unknown}
Comestibles
 c - 9 rations


   Skills:
 + Level 5.8 Fighting
 + Level 3.4 Short Blades
 + Level 3.4 Long Blades
 + Level 4.4 Axes
 + Level 3.4 Maces & Flails
 + Level 3.4 Polearms
 + Level 3.4 Staves
 + Level 3.4 Slings
 + Level 3.4 Bows
 + Level 3.4 Crossbows
 + Level 3.4 Throwing
 + Level 5.8 Armour
 + Level 3.4 Dodging
 + Level 3.4 Stealth
 + Level 4.4 Shields
 + Level 3.4 Unarmed Combat
 + Level 3.4 Spellcasting
 + Level 2.8 Conjurations
 + Level 3.6 Hexes
 + Level 2.8 Charms
 + Level 2.8 Summonings
 + Level 2.8 Necromancy
 + Level 2.8 Translocations
 + Level 2.8 Transmutations
 + Level 2.8 Fire Magic
 + Level 2.8 Ice Magic
 + Level 2.8 Air Magic
 + Level 4.8 Earth Magic
 + Level 2.8 Poison Magic
 + Level 3.8 Invocations
 + Level 4.4 Evocations


You had 13 spell levels left.
You didn't know any spells.
Your spell library contained the following spells:

 Spells                   Type           Power        Failure   Level  Hunger
 Magic Dart               Conj           #...         11%         1    #......
 Slow                     Hex            ##......     12%         2    ##.....
 Blink                    Tloc           N/A          17%         2    ##.....
 Call Imp                 Summ           #.......     17%         2    ##.....
 Conjure Flame            Conj/Fire      #.......     32%         3    ###....
 Mephitic Cloud           Conj/Pois/Air  #.......     32%         3    ###....


Dungeon Overview and Level Annotations

Branches:
Dungeon (6/15)             Temple (1/1) D:5

Altars:
Ashenzari
Cheibriados
Dithmenos
Elyvilon
Gozag
Kikubaaqudgha
Qazlal
Ru
Sif Muna
Trog
Uskayaw
Vehumet
Wu Jian
Xom
Yredelemnul
Zin
The Shining One


Innate Abilities, Weirdness & Mutations

Your experience applies equally to all skills.
You have very sharp teeth.
Your uncanny sense of smell can sniff out nearby items.


Message History

The quasit misses you. The iron imp closely misses you.
You slash the quasit!
You kill the quasit!
You barely miss the quasit. You closely miss the iron imp.
You miss the ufetubus. You miss the sixfirhy.
The sixfirhy hits you but does no damage.
The sixfirhy hits you. The sixfirhy shocks you! The sixfirhy barely misses you.
The sixfirhy misses you.
The ufetubus hits you but does no damage.
The ufetubus barely misses you.
The quasit bites you but does no damage.
The quasit closely misses you. The quasit claws you.
You feel clumsy. The sixfirhy hits you!
* * * LOW HITPOINT WARNING * * *
The sixfirhy shocks you!
* * * LOW HITPOINT WARNING * * *
The shadow imp gestures at you. Pain shoots through your body!
You die...

##### ## ##...## ..
..#########.....## .#
.................########## ..
#.# #..........>........... .#
#.# #....5.5.....#######... .#
#.###....5#55...## #..... .#
###.......5.@55..#######....#
.####...###.###3###>...........##
..........<..#.5.###########....#
..###..........#.................
..#####.###..#...#############.#.
......#.# #..##.## ##.#.
........# #..# .# ##....
#..(....# .... # ##.....
#.....### ...## ##......


You could see a sixfirhy, an iron imp, a quasit, 2 white imps, 3 shadow imps and
2 ufetubi.

Vanquished Creatures
  Grinder (D:5)
  The ghost of Borgoz the Cutter, an amateur KoGl (D:5)
  Purgy (Sewer)
  A necrophage (D:5)
  3 centaurs (D:5)
  An ogre (D:4)
  A bullfrog (D:3)
  A howler monkey (D:6)
  2 orc wizards
  2 orc priests (D:4)
  3 hounds
  A centaur skeleton (D:5)
  3 worker ants
  An iguana (D:5)
  5 adders
  2 worms (D:3)
  A dart slug (D:2)
  8 leopard geckos
  13 orcs
  2 ball pythons (D:2)
  9 bats
  8 giant cockroaches
  5 goblins
  7 hobgoblins
  5 jackals
  7 kobolds
  2 quokkas
  12 frilled lizards
  13 rats
  A spectral orc (D:4)
122 creatures vanquished.

Notes
Turn   | Place    | Note
-------+----------+-------------------------------------------
     0 | D:1      | xccam the Gnoll Wanderer began the quest for the Orb.
     0 | D:1      | xccam set off with the following items: a +2 hand axe, a +0
                  | ring mail, a ration
     0 | D:1      | Reached XP level 1. HP: 20/20 MP: 2/2
   184 | D:1      | Reached XP level 2. HP: 23/26 MP: 3/3
   360 | D:1      | Reached XP level 3. HP: 21/31 MP: 4/4
   771 | D:2      | Reached skill level 1 in Invocations
   801 | D:2      | Found a stormy altar of Qazlal.
   892 | D:2      | Reached skill level 1 in Short Blades
   892 | D:2      | Reached skill level 1 in Long Blades
   892 | D:2      | Reached skill level 1 in Maces & Flails
   892 | D:2      | Reached skill level 1 in Polearms
   892 | D:2      | Reached skill level 1 in Staves
   892 | D:2      | Reached skill level 1 in Slings
   892 | D:2      | Reached skill level 1 in Bows
   892 | D:2      | Reached skill level 1 in Crossbows
   892 | D:2      | Reached skill level 1 in Throwing
   892 | D:2      | Reached skill level 1 in Dodging
   892 | D:2      | Reached skill level 1 in Stealth
   892 | D:2      | Reached skill level 1 in Unarmed Combat
   892 | D:2      | Reached skill level 1 in Spellcasting
   967 | D:2      | Reached XP level 4. HP: 28/38 MP: 6/6
  1093 | D:2      | Found a faded altar of an unknown god.
  1100 | D:2      | Became a worshipper of Xom of Enforced Whimsey
  1201 | D:2      | XOM is BORED!
  1201 | D:2      | XOM: silly message
  1343 | D:3      | XOM: divination: detect creatures
  1492 | D:3      | XOM is BORED!
  1492 | D:3      | XOM: medium Erth miscast
  1516 | D:3      | Fell from the grace of Xom
  1615 | D:3      | Noticed a bullfrog
  1625 | D:3      | Killed a bullfrog
  1625 | D:3      | Reached skill level 1 in Conjurations
  1625 | D:3      | Reached skill level 1 in Charms
  1625 | D:3      | Reached skill level 1 in Summonings
  1625 | D:3      | Reached skill level 1 in Necromancy
  1625 | D:3      | Reached skill level 1 in Translocations
  1625 | D:3      | Reached skill level 1 in Transmutations
  1625 | D:3      | Reached skill level 1 in Fire Magic
  1625 | D:3      | Reached skill level 1 in Ice Magic
  1625 | D:3      | Reached skill level 1 in Air Magic
  1625 | D:3      | Reached skill level 1 in Poison Magic
  1625 | D:3      | Reached XP level 5. HP: 32/43 MP: 7/7
  1800 | D:3      | XOM: torment (23/43 hp)
  1903 | D:3      | XOM: medium Ice miscast
  2055 | D:4      | Noticed an ogre
  2076 | D:4      | Killed an ogre
  2076 | D:4      | Reached XP level 6. HP: 12/50 MP: 8/8
  2375 | D:4      | Reached skill level 5 in Fighting
  2375 | D:4      | Reached skill level 5 in Armour
  2476 | D:4      | Found a basalt altar of Yredelemnul.
  2760 | D:5      | Entered Level 5 of the Dungeon
  2762 | D:5      | XOM: swap monsters
  2770 | D:5      | Reached XP level 7. HP: 52/56 MP: 10/10
  2863 | D:5      | Found a glowing drain.
  2867 | Sewer    | Entered a sewer
  2921 | Sewer    | Noticed Purgy
  2930 | Sewer    | Killed Purgy
  3057 | D:5      | Found a staircase to the Ecumenical Temple.
  3086 | Temple   | Entered the Ecumenical Temple
  3288 | Temple   | Became a worshipper of Cheibriados the Contemplative
  3343 | D:5      | Found a shattered altar of Ashenzari.
  3344 | D:5      | XOM: swap monsters
  3416 | D:5      | XOM: noise
  3422 | D:5      | Noticed Grinder
  3442 | D:5      | Killed Grinder
  3442 | D:5      | Reached XP level 8. HP: 45/63 MP: 12/12
  3493 | D:5      | Found a runed translucent door.
  3493 | D:5      | Noticed Borgoz's ghost (amateur KoGl)
  3591 | D:5      | XOM: summons 5 hostile demons
  3839 | D:5      | XOM: draining
  3874 | D:5      | Killed Borgoz's ghost
  3880 | D:5      | XOM: enchant monster (bad)
  4208 | D:6      | XOM: summons 14 hostile demons
  4209 | D:6      | Noticed a sixfirhy
  4219 | D:6      | Killed from afar by a shadow imp

Levels and vault maps discovered:
D:1:      psy_arrival_radial01, layout_loops_ring, minmay_nonomino_d4
D:2:      layout_rooms, lemuel_coloured_pillars_altar,
          chequers_ecumenical_altar_lobes, minmay_randomly_rotated_circles
D:3:      layout_basic, minmay_hedge_maze, minmay_misc_feat_four_crosses
D:4:      layout_rooms, yredelemnul_forgotten_temple_becter, first_ration
D:5:      minmay_thinvault, layout_rooms, lemuel_round_altar,
          minmay_temple_entry_slanted, ebering_ghost_inner_flame,
          gup_sewer_entry_bowl, uniq_grinder
D:6:      layout_loops_ring, fedhas_altar_decomposition
Temple:   eino_narrow_crystal_temple
Sewer:    sewer_the_crocodile

Skill      XL: |  1  2  3  4  5  6  7 |
---------------+----------------------+-----
Hexes          | 2 3 |  3.6
Invocations    | 1 2 3 |  3.8
Short Blades   | 1 2 3 |  3.4
Long Blades    | 1 2 3 |  3.4
Maces & Flails | 1 2 3 |  3.4
Polearms       | 1 2 3 |  3.4
Staves         | 1 2 3 |  3.4
Slings         | 1 2 3 |  3.4
Bows           | 1 2 3 |  3.4
Crossbows      | 1 2 3 |  3.4
Throwing       | 1 2 3 |  3.4
Dodging        | 1 2 3 |  3.4
Stealth        | 1 2 3 |  3.4
Unarmed Combat | 1 2 3 |  3.4
Spellcasting   | 1 2 3 |  3.4
Conjurations   | 1 2 |  2.8
Charms         | 1 2 |  2.8
Summonings     | 1 2 |  2.8
Necromancy     | 1 2 |  2.8
Translocations | 1 2 |  2.8
Transmutations | 1 2 |  2.8
Fire Magic     | 1 2 |  2.8
Ice Magic      | 1 2 |  2.8
Air Magic      | 1 2 |  2.8
Poison Magic   | 1 2 |  2.8
Axes           | 3 4 |  4.4
Shields        | 3 4 |  4.4
Evocations     | 3 4 |  4.4
Earth Magic    | 4 |  4.8
Fighting       | 5 |  5.8
Armour         | 5 |  5.8

Action                   |  1- 3 |  4- 6 |  7- 9 || total
-------------------------+-------+-------+-------++-------
Melee: Hand axe          |    82 |    73 |       ||   155
       Bite              |     4 |    16 |    10 ||    30
       War axe           |       |    74 |   162 ||   236
       Punch             |       |     2 |     2 ||     4
Invok: Renounce Religion |       |     1 |       ||     1
  Use: Potion            |       |     3 |     5 ||     8
       Scroll            |       |       |     4 ||     4
 Stab: Sleeping          |       |     1 |     2 ||     3
       Distracted        |       |       |     1 ||     1
  Eat: Chunk             |       |     6 |     6 ||    12
Armor: Ring mail         |    44 |    61 |   124 ||   229
       Skin              |       |    16 |    28 ||    44
Dodge: Dodged            |    69 |    94 |   196 ||   359

Table legend:
 A = Non-vault XP
 B = Vault XP
 C = Vault XP percentage of total XP
 D = Non-vault monster count
 E = Vault monster count
 F = Vault count percentage of total count
                 A         B        C        D         E       F
            +---------+---------+-------+---------+---------+-------
      Total |     991 |    1086 |  52.3 |      88 |      34 |  27.9
            +---------+---------+-------+---------+---------+-------
        D:1 |      23 |      13 |  36.1 |      16 |       7 |  30.4
        D:2 |      47 |       8 |  14.5 |      21 |       6 |  22.2
        D:3 |     120 |       0 |   0.0 |      17 |       0 |   0.0
        D:4 |     396 |       1 |   0.3 |      20 |       1 |   4.8
        D:5 |     275 |     918 |  76.9 |       7 |      14 |  66.7
        D:6 |     130 |       0 |   0.0 |       7 |       0 |   0.0
      Sewer |       0 |     146 | 100.0 |       0 |       6 | 100.0
            +---------+---------+-------+---------+---------+-------
